 Dungeon Crawl Stone Soup version 0.18.1-50-g88ac8fd (webtiles) character file.

638 grisgris the Conjurer (level 7, -3/36 HPs)
             Began as a Deep Elf Conjurer on Nov 8, 2016.
             Was a Follower of Vehumet.
             Slain by a centaur (8 damage)
             ... on level 5 of the Dungeon.
             The game lasted 00:17:17 (5011 turns).

grisgris the Conjurer (Deep Elf Conjurer)           Turns: 5011, Time: 00:17:19

Health: -3/36      AC:  4    Str:  5    XL:     7   Next: 25%
Magic:  10/19      EV: 13    Int: 22    God:    Vehumet [*.....]
Gold:   226        SH:  0    Dex: 15    Spells: 5 memorised, 5 levels left

rFire  + . .     SeeInvis .     r - +2 dagger
rCold  . . .     Gourm    .     a - +1 robe
rNeg   . . .     Faith    .     (no shield)
rPois  .         Spirit   .     (no helmet)
rElec  .         Dismiss  .     (no cloak)
rCorr  .         Reflect  .     (no gloves)
SustAt .         Harm     .     n - +0 pair of boots
MR     .....                    (no amulet)
Stlth  ++........               (no ring)
                                g - ring of protection from fire

@: not resistant to hostile enchantments, unstealthy
A: no striking features
a: Renounce Religion


You were on level 5 of the Dungeon.
You worshipped Vehumet.
Vehumet was aware of your devotion.
You were not hungry.

You visited 1 branch of the dungeon, and saw 5 of its levels.

You collected 272 gold pieces.
You spent 46 gold pieces at shops.

Inventory:

Hand Weapons
 r - a +2 dagger (weapon)
Armour
 a - a +1 robe (worn)
 n - a +0 pair of boots (worn)
Jewellery
 g - a ring of protection from fire (left hand)
 k - a +3 ring of evasion {unknown}
Scrolls
 f - a scroll of identify
 o - a scroll of amnesia
Potions
 e - a potion of magic
 i - a potion of curing
 j - 2 potions of agility
 l - a potion of cure mutation
 q - a potion of heal wounds
 s - a potion of haste
Books
 b - a book of Conjurations

   Spells                             Type                      Level
   a - Magic Dart                     Conjuration                  1
   b - Searing Ray                    Conjuration                  2
   c - Dazzling Spray                 Conjuration/Hexes            3
   d - Fulminant Prism                Conjuration/Hexes            4
   e - Iskenderun's Mystic Blast      Conjuration                  4
   f - Iskenderun's Battlesphere      Conjuration/Charms           5
Comestibles
 c - 6 bread rations
 d - 3 meat rations
 h - a chunk of flesh
 p - 4 fruits


   Skills:
 - Level 2.4 Dodging
 - Level 2.4 Stealth
 * Level 7.1 Spellcasting
 * Level 7.3 Conjurations
 - Level 3.2 Hexes
 + Level 1.5 Charms


You had 5 spell levels left.
You knew the following spells:

 Your Spells              Type           Power        Failure   Level  Hunger
a - Magic Dart            Conj           ####         1%          1    None
b - Searing Ray           Conj           #####.       1%          2    None
c - Dazzling Spray        Conj/Hex       ####..       2%          3    None
d - Iskenderun's Mystic   Conj           #####...     4%          4    ###....
e - Iskenderun's Battles  Conj/Chrm      ####....     38%         5    #####..


Dungeon Overview and Level Annotations

Branches:
Dungeon (5/15)
 Temple: D:4-7

Altars:
Okawaru
Vehumet

Shops:
D:4 *


Message History

* * * LOW HITPOINT WARNING * * *
The centaur misses you.
Casting: Magic Dart
Confirm with . or Enter, or press ? or * to list all spells.
Aiming: Searing Ray
Press: ? - help, Shift-Dir - straight line, f/p - centaur
Aim: a centaur (heavily wounded)
The searing ray hits the centaur.
The centaur is severely wounded.
The centaur hits you.
* * * LOW HITPOINT WARNING * * *
The searing ray hits the centaur.
The centaur is almost dead.
The centaur closely misses you. The centaur hits you.
* * * LOW HITPOINT WARNING * * *
A hound comes into view.
The searing ray hits the centaur.
The centaur is almost dead.
The centaur hits you!
You die...

##...#******#....,,,,,*
##.....#*### #...,,,,,,*
........,..# #..#*+**,,*
..(....###.# #..#,,,*,,**
..#........# #..+,∩,*,,,*
.#***#.....###..#,,,*,,.* .#
#..........##+##...*********
.#####.....###..........,,,,,,,,,
...........# #.#@.......,,,,,,,,,
.#######.#.# #.##c..##.#*********
.# #.#.# #.#,....#,* .# ***#.#.#
#..,......# .# *,,..#.#
###,....### ##*##.*###<# **...##
##...[**,,.# *#.## ......**,***
**h#* ##.#..**,* **,,,**


You could see a centaur and a hound (wandering).

Vanquished Creatures
  2 phantoms (D:4)
  A centaur (D:5)
  A crimson imp (D:5)
  2 orc wizards (D:3)
  2 worker ants (D:4)
  Natasha (thrice) (D:3)
  A worker ant zombie (D:5)
  8 adders
  2 oozes
  3 worms
  An adder skeleton (D:4)
  A dart slug (D:2)
  2 giant geckos
  10 orcs
  A giant cockroach (D:1)
  4 goblins
  3 hobgoblins
  16 jackals
  6 quokkas
  A ball python (D:4)
  7 bats
  7 giant newts
  11 kobolds
  2 quokka skeletons
  18 rats
115 creatures vanquished.

Notes
Turn   | Place    | Note
--------------------------------------------------------------
     0 | D:1      | grisgris the Deep Elf Conjurer began the quest for the Orb.
     0 | D:1      | Reached XP level 1. HP: 10/10 MP: 6/6
     5 | D:1      | Noticed an electric eel
     8 | D:1      | Noticed an electric eel
   190 | D:1      | Reached XP level 2. HP: 14/15 MP: 0/8
   806 | D:1      | Reached XP level 3. HP: 18/19 MP: 0/10
   892 | D:1      | Learned a level 3 spell: Dazzling Spray
  1147 | D:1      | Reached skill level 1 in Hexes
  1494 | D:2      | Reached skill level 5 in Conjurations
  2494 | D:3      | Reached XP level 4. HP: 22/24 MP: 2/12
  2847 | D:3      | Noticed Natasha
  2853 | D:3      | Killed Natasha
  2853 | D:3      | Reached XP level 5. HP: 28/28 MP: 10/14
  2860 | D:3      | Noticed Natasha
  2866 | D:3      | Killed Natasha
  2866 | D:3      | Reached skill level 5 in Spellcasting
  2885 | D:3      | Noticed Natasha
  2887 | D:3      | Killed Natasha
  3236 | D:3      | Learned a level 2 spell: Searing Ray
  3241 | D:3      | Learned a level 4 spell: Iskenderun's Mystic Blast
  3648 | D:4      | Reached XP level 6. HP: 32/32 MP: 5/16
  3796 | D:4      | Found a radiant altar of Vehumet.
  3814 | D:4      | Became a worshipper of Vehumet
  4044 | D:4      | Found an iron altar of Okawaru.
  4085 | D:4      | Learned a level 5 spell: Iskenderun's Battlesphere
  4225 | D:4      | Found Laiq Wedd's Assorted Antiques.
  4237 | D:4      | Bought a scroll of identify for 46 gold pieces
  4434 | D:5      | Entered Level 5 of the Dungeon
  4489 | D:5      | Reached XP level 7. HP: 35/36 MP: 2/19
  4551 | D:5      | Reached * piety under Vehumet
  4551 | D:5      | Offered knowledge of Flame Tongue by Vehumet.
  4608 | D:5      | HP: 1/36 [centaur/arrow (6)]
  4610 | D:5      | Reached skill level 1 in Charms
  5011 | D:5      | Slain by a centaur

Skill      XL: |  1  2  3  4  5  6  7 |
---------------+----------------------+-----
Spellcasting   | 4 5 6 7 |  7.1
Hexes          | 2 3 |  3.2
Conjurations   | 5 6 7 |  7.3
Charms         | 1 |  1.5
Dodging        | |  2.4
Stealth        | |  2.4

Action                   |  1- 3 |  4- 6 |  7- 9 || total
-------------------------+-------+-------+-------++-------
Melee: Dagger            |       |       |     2 ||     2
 Cast: Magic Dart        |    99 |   139 |    23 ||   261
       Dazzling Spray    |     4 |       |       ||     4
       Searing Ray       |       |     6 |     1 ||     7
       Iskenderun's Myst |       |     6 |     3 ||     9
  Use: Scroll            |       |    13 |     3 ||    16
 Stab: Sleeping          |       |       |     1 ||     1
  Eat: Chunk             |     3 |     5 |     2 ||    10
       Beef jerky        |     1 |     1 |       ||     2
Armor: Robe              |     7 |     6 |     1 ||    14
Dodge: Dodged            |    32 |    22 |    16 ||    70
